[Event "Budapest Chess Festival 2024"]
[Site "Budapest"]
[Date "2024.05.23"]
[Round "1.14"]
[White "Mihok, Oliver"]
[Black "Haszon, David"]
[Result "1-0"]
[ECO "B40"]
[WhiteElo "2528"]
[BlackElo "2258"]
[Annotator "RC"]
[PlyCount "81"]
[EventDate "2024.05.20"]
[EventType "swiss"]
[EventCountry "HUN"]
[SourceTitle "playchess.com"]
[Source "ChessBase"]
[SourceQuality "1"]
[TimeControl "40/5400+30:1800+30"]

1. e4 c5 2. Nf3 e6 3. g3 Nc6 4. Bg2 d5 5. exd5 exd5 6. d4 Bg4 7. O-O cxd4 8. h3 Bh5 9. g4 Bg6 10. Nxd4 Bc5 11. Nb3 Bb6 12. Nc3 Nge7 13. Nxd5 Nxd5 14. Qxd5 Qxd5 15. Bxd5 O-O-O 16. c4 Nb4 17. Bg5 Rd7 18. Bg2 h5 19. Rfd1 Rxd1+ 20. Rxd1 hxg4 21. hxg4 Nd3 22. c5 Bc7 23. Rd2 Ne1 24. Bd5 f6 25. Be3 Nc2 26. Nd4 Nxe3 27. fxe3 Ba5 28. Rd1 Rh3 29. c6 bxc6 30. Nxc6 Bb6 31. Ne7+ Kc7 32. Nxg6 Rxe3 33. Kf1 Rg3 34. Be6 Rf3+ 35. Kg2 Rf2+ 36. Kg3 Rxb2 37. Rd7+ Kc6 38. Rxg7 Re2 39. Bb3 a5 40. Re7 Bc7+ 41. Kf3 1-0

[Event "Budapest Chess Festival 2024"]
[Site "Budapest"]
[Date "2024.05.23"]
[Round "1.15"]
[White "Kacprzak, Kacper"]
[Black "Fernandez, Daniel Howard"]
[Result "1/2-1/2"]
[ECO "C15"]
[WhiteElo "2256"]
[BlackElo "2526"]
[Annotator "TA"]
[PlyCount "142"]
[EventDate "2024.05.20"]
[EventType "swiss"]
[EventCountry "HUN"]
[SourceTitle "playchess.com"]
[Source "ChessBase"]
[SourceQuality "1"]
[TimeControl "40/5400+30:1800+30"]

1. e4 e6 2. d4 d5 3. Nc3 Bb4 4. exd5 Qxd5 5. Nf3 b6 6. Bd3 {[%emt 0:01:37] C10: French with 3 Nc3: Unusual Black 3rd moves and 3...dxe4.} Ba6 7. O-O Bxc3 8. bxc3 Nf6 9. Qe2 $146 ({Predecessor:} 9. Bxa6 Nxa6 10. Qd3 Nb8 11. c4 Qe4 12. Qb3 O-O 13. Re1 Qb7 14. Ba3 Re8 15. d5 {1-0 Markovic,M (2327)-Livaic,L (2508) SRB-chT Premier 2021 (3.2)}) 9... Bxd3 10. cxd3 O-O 11. c4 Qh5 12. Bb2 Nbd7 13. Rfe1 Rfe8 14. Ne5 (14. a4 $14) 14... Qxe2 $11 15. Rxe2 c5 16. dxc5 Nxc5 17. Rd1 Nfd7 18. Nc6 e5 19. d4 ({Reject} 19. Nxe5 f6 20. f4 (20. d4 Na4 $17) 20... Nb7 $17 (20... fxe5 21. fxe5 Rac8 22. d4 $17)) 19... exd4 20. Rxe8+ Rxe8 21. Bxd4 a5 22. h3 f6 23. Be3 Re4 24. Rd6 Rxc4 25. Ne7+ Kf8 26. Nd5 $1 Rc2 27. Nxb6 Nxb6 28. Rxb6 Ne4 29. a3 Rc4 30. Ra6 Ra4 31. Bb6 Rxa3 32. Rxa5 (32. f3 $5 Ra1+ $8 33. Kh2 $14) 32... Rb3 33. Be3 Kf7 34. g4 g5 35. Kg2 Kg6 36. Ra4 Nc3 37. Rd4 Rb5 38. Rd3 Nd5 39. Ra3 h5 40. Kg3 Rb1 41. Rd3 Rb5 42. gxh5+ Kxh5 43. f4 Ne7 44. fxg5 fxg5 45. Bf2 Ng6 46. Be3 Nh4 47. Bf2 Rb2 48. Ra3 Rc2 49. Rd3 Kg6 50. Ra3 Kh5 51. Rb3 Ra2 52. Rc3 Ra5 53. Rb3 Kg6 54. Rc3 Rf5 55. Rc6+ Kf7 56. Rc7+ Ke6 57. Rc6+ Kd7 58. Rc3 Kd6 59. Rd3+ Ke5 60. Re3+ Kd5 61. Rc3 Kd6 62. Rd3+ Ke6 63. Re3+ Kf6 64. Rc3 Rf4 65. Rc6+ Ke7 66. Rc7+ Kd6 67. Rc3 Nf5+ 68. Kg2 Ra4 69. Rc8 Ke5 70. Bg3+ Kd4 71. Re8 Nh4+ 1/2-1/2

[Event "Budapest Chess Festival 2024"]
[Site "Budapest"]
[Date "2024.05.23"]
[Round "1.16"]
[White "Kantor, Gergely"]
[Black "Starosta, Martyna"]
[Result "1-0"]
[ECO "B12"]
[WhiteElo "2527"]
[BlackElo "2255"]
[Annotator "TA"]
[PlyCount "63"]
[EventDate "2024.05.20"]
[EventType "swiss"]
[EventCountry "HUN"]
[SourceTitle "playchess.com"]
[Source "ChessBase"]
[SourceQuality "1"]
[TimeControl "40/5400+30:1800+30"]

1. e4 c6 2. d4 d5 3. e5 Bf5 4. h4 h5 5. Bd3 Bxd3 6. Qxd3 {[%emt 0:00:04][%cal Oe5e6] Hoping for e6!} Qa5+ 7. Nd2 {[%emt 0:00:40][%cal Oe5e6] Threatens to win with e6!} e6 8. Ngf3 {[%emt 0:01:43] The position is equal.} Qa6 9. c4 Ne7 10. O-O Nf5 11. b3 Be7 12. a4 Nxh4 (12... Bxh4 $11 13. Nxh4 Nxh4) 13. Nxh4 $14 Bxh4 14. Ba3 Qa5 15. Rfc1 Nd7 16. Nf3 {[%emt 0:04:22] Dodges Bg5} Be7 17. Bxe7 Kxe7 18. b4 Qd8 {[%emt 0:04:18] [#]} (18... dxc4 $1 $14 19. Rxc4 Qd8) 19. b5 $1 $16 Nb6 20. bxc6 bxc6 21. cxd5 cxd5 22. Nd2 {[%emt 0:02:39] And now a5 would win. White is more active.} Kf8 23. a5 {[%emt 0:03:40][%mdl 1024] White has strong compensation.} Nd7 {[%emt 0:09:19] This costs Black the game.} (23... Nc4 $16) 24. Rab1 $18 {[%emt 0:05:21] Black must now prevent Rb7.} Rb8 25. Qa6 g6 26. Rb7 Qg5 $2 (26... Kg7 27. Rcc7 (27. Qxa7 $2 Ra8 $19) (27. Rxa7 Qg5 $18) 27... Rxb7 28. Qxb7 Rf8 29. Rxd7 Qxa5) 27. Rxd7 Qxd2 {[%emt 0:00:28] [#]} 28. Rxf7+ $3 Kg8 29. Rfc7 (29. Rxa7 $2 {loses.} Qxc1+ 30. Qf1 Qxf1+ 31. Kxf1 Rh7 $19) (29. Rcc7 $142 Qc1+ 30. Kh2 (30. Rxc1 Rh7 31. Rfc7 Rxc7 32. Rxc7 Kh8 33. Qxe6 Rb1+ 34. Kh2 Rh1+ 35. Kxh1 h4 36. Qe8#) 30... Qxc7 31. Rxc7 Re8 32. Qc6 (32. Qxa7 Rh6 33. Rg7+ Kh8 34. Qf7 Rc8 35. Qf6 h4 36. Rxg6+ Kh7 37. Qg7#) 32... Kf8 33. Qd7 (33. Rxa7 Re7 34. Rxe7 Kxe7 35. Qc7+ Kf8 36. a6 Rh7 37. Qxh7 h4 38. a7 g5 39. a8=Q#) 33... Rh7 34. Qxh7 Re7 35. Qxe7+ Kg8 36. Qg7#) 29... Re8 30. Qc6 {[%emt 0:00:15][%cal Rc6e8] White mates.} Kf8 31. Qd6+ Kg8 32. Qd7 {[%emt 0:00:07] Weighted Error Value: White=0.10 (very precise) /Black=0.59.  Loses game:     	---       	Black=1      Mistake:       	---       	Black=3      Inaccurate:     	White=1     	Black=4      OK:         	White=7     	Black=4      Best:        	White=4     	Black=2      Strong:       	White=1     	---} 1-0

[Event "Budapest Chess Festival 2024"]
[Site "Budapest"]
[Date "2024.05.23"]
[Round "1.17"]
[White "Sahithi Varshini M"]
[Black "Szpar, Milosz"]
[Result "0-1"]
[ECO "C02"]
[WhiteElo "2251"]
[BlackElo "2512"]
[Annotator "TA"]
[PlyCount "60"]
[EventDate "2024.05.20"]
[EventType "swiss"]
[EventCountry "HUN"]
[SourceTitle "playchess.com"]
[Source "ChessBase"]
[SourceQuality "1"]
[TimeControl "40/5400+30:1800+30"]

1. e4 e6 2. d4 d5 3. e5 c5 4. c3 Nc6 5. Nf3 Bd7 6. Be2 Nge7 7. Na3 cxd4 8. cxd4 Nf5 9. Nc2 Qb6 10. O-O Rc8 11. Kh1 Na5 12. Re1 Be7 13. Bd3 {[%emt 0:12:36] The position is equal.} h6 14. Qe2 a6 15. b4 Nc4 16. a4 Qd8 (16... Bxb4 $15 17. Nxb4 Qxb4) 17. g4 Nh4 18. Ng1 (18. Nxh4 $11 Bxh4 19. Rg1) 18... Nb6 19. a5 (19. b5 $15) 19... Na4 $17 20. f4 Nc3 {[%emt 0:00:30] Black is more active.} 21. Qf1 Bb5 22. Re3 (22. Bxb5+ $17 Nxb5 23. Qe2) 22... h5 $19 23. gxh5 Rxh5 24. Bxb5+ Nxb5 25. Qd1 g6 26. Bb2 Nf5 {[%emt 0:05:06] [#] aiming for ...Rxc2.} 27. Rf3 Rc4 28. Qd2 Kd7 29. Rc1 Qh8 30. Rf2 $2 {[%emt 0:02:11] [#]} (30. Qf2) 30... Ng3+ {[%emt 0:00:14] Weighted Error Value: White=0.51/Black=0.06 (flawless) .  Mistake:       	White=4     	Black=1      Inaccurate:     	White=2     	Black=1      OK:         	White=4     	Black=11     Best:        	---       	Black=1} 0-1

[Event "Budapest Chess Festival 2024"]
[Site "Budapest"]
[Date "2024.05.23"]
[Round "1.18"]
[White "Parkhov, Yair"]
[Black "Toncheva, Nadya"]
[Result "1-0"]
[ECO "A30"]
[WhiteElo "2510"]
[BlackElo "2251"]
[Annotator "TA"]
[PlyCount "73"]
[EventDate "2024.05.20"]
[EventType "swiss"]
[EventCountry "HUN"]
[SourceTitle "playchess.com"]
[Source "ChessBase"]
[SourceQuality "1"]
[TimeControl "40/5400+30:1800+30"]

1. c4 c5 2. Nf3 Nc6 3. d4 cxd4 4. Nxd4 e6 5. g3 Nf6 6. Bg2 Bc5 7. Nb3 Be7 8. Nc3 O-O 9. O-O b6 10. Bf4 Bb7 11. Rc1 d6 {[%emt 0:04:23] White is slightly better.} 12. Nb5 Ne8 13. Qd2 e5 14. Be3 Nc7 15. Rfd1 Qb8 (15... Ne8 $14) 16. Nxd6 $16 {[%emt 0:16:02] White is much more active.} Rd8 17. c5 $36 {[%emt 0:00:11][%mdl 2048] Qe1 would now be deadly. White is on the roll.} bxc5 $2 {[%emt 0:10:08] Loses the game.} (17... Ne6 $16) 18. Bxc5 (18. Nxc5 $18 {is the precise move to win.} Rxd6 19. Qxd6 Bxd6 20. Nxb7) 18... Ne8 {[%emt 0:00:46][%cal Re7d6] [#]} 19. Qc2 $1 Nxd6 {[%emt 0:20:28] [#]} (19... Bxd6 20. Bxc6) 20. Bxc6 $1 Bxc6 21. Bxd6 Rxd6 22. Rxd6 Qxd6 23. Qxc6 Qxc6 24. Rxc6 {[%emt 0:00:05][%mdl 4096] Endgame. KRB-KRN} a5 25. Nd2 f6 26. Nc4 a4 27. Nb6 Ra5 28. a3 Bc5 29. Nc4 Rb5 30. Ra6 Rb3 31. Rxa4 Kf7 32. Kf1 Ke6 33. e3 Kd5 34. Ke2 Rb8 35. Kd3 e4+ 36. Kc3 f5 (36... Bf8 $142 37. Ra5+ Ke6) 37. Ra5 {[%emt 0:00:32] Weighted Error Value: White=0.11 (very precise) /Black=0.33.  Loses game:     	---       	Black=1      Mistake:       	White=1     	Black=2      Inaccurate:     	---       	Black=3      OK:         	White=15    	Black=6      Best:        	White=2     	Black=1      Strong:       	White=1     	---} 1-0

[Event "Budapest Chess Festival 2024"]
[Site "Budapest"]
[Date "2024.05.23"]
[Round "1.19"]
[White "Zentai, Peter"]
[Black "Visakh N R"]
[Result "0-1"]
[ECO "E01"]
[WhiteElo "2251"]
[BlackElo "2511"]
[Annotator "TA"]
[PlyCount "76"]
[EventDate "2024.05.20"]
[EventType "swiss"]
[EventCountry "HUN"]
[SourceTitle "playchess.com"]
[Source "ChessBase"]
[SourceQuality "1"]
[TimeControl "40/5400+30:1800+30"]

1. d4 Nf6 2. c4 e6 3. g3 d5 4. Bg2 Bb4+ 5. Nd2 O-O 6. Ngf3 b6 7. O-O Bb7 8. Ne5 Re8 9. Qa4 a5 10. Rd1 Bd6 {[%emt 0:01:44] The position is equal.} 11. Ndf3 h6 12. Bf4 c5 13. dxc5 bxc5 14. Rac1 Ra6 15. Nd3 (15. h4 {is interesting.} Nh5 16. cxd5 Nxf4 17. Qxf4 Qe7 18. dxe6 Qxe6 19. Qe3) 15... d4 16. Bxd6 $1 Qxd6 17. Nfe5 Bxg2 18. Kxg2 Rc8 19. f3 Qc7 20. Rd2 (20. e3 $11) 20... Ne8 $17 21. Re1 Nd6 22. e4 dxe3 23. Rxe3 Nf5 24. Re1 Rd6 25. Qa3 Rcd8 {[%emt 0:03:20] ...Na6 would now be deadly.} 26. Rf2 (26. Qc3 $17) 26... f6 $19 27. Qxc5 Na6 (27... Qxc5 $19 {and Black stays clearly on top.} 28. Nxc5 fxe5 29. Rxe5 Nc6) 28. Qxc7 $17 Nxc7 29. Nc5 fxe5 30. Nb7 (30. Rxe5 $142 Ra8 31. b3) 30... Rd1 31. Rxe5 R8d2 32. Nxa5 Nd4 $36 {[%emt 0:02:44][%mdl 2048] Black is on the roll. Black is more active.} 33. b4 (33. Nb3 $17 {keeps fighting.} Nxb3 34. axb3) 33... Rxf2+ $19 34. Kxf2 Ra1 35. Rc5 (35. Ke3 {might work better.} Nc2+ 36. Kd3 Nxb4+ (36... Rxa2 37. Nc6 $16) 37. Kc3) 35... Na6 36. Rc8+ Kf7 37. Rd8 $2 {[%emt 0:00:36] [#]} (37. Ke3 Nc2+ 38. Kd2 Ncxb4 39. Nc6 Rxa2+ 40. Kc3 Nxc6 41. Rxc6) 37... Rxa2+ 38. Kf1 Nxb4 {[%emt 0:02:12] Weighted Error Value: White=0.26 (precise) /Black=0.08 (flawless) .  Mistake:       	White=6     	Black=1      Inaccurate:     	White=1     	---        OK:         	White=8     	Black=13     Best:        	White=3     	Black=4      Strong:       	White=1     	---} 0-1

[Event "Budapest Chess Festival 2024"]
[Site "Budapest"]
[Date "2024.05.23"]
[Round "1.20"]
[White "Vetoshko, Volodymyr"]
[Black "Csati, Oliver"]
[Result "1-0"]
[ECO "E04"]
[WhiteElo "2505"]
[BlackElo "2250"]
[Annotator "TA"]
[PlyCount "99"]
[EventDate "2024.05.20"]
[EventType "swiss"]
[EventCountry "HUN"]
[SourceTitle "playchess.com"]
[Source "ChessBase"]
[SourceQuality "1"]
[TimeControl "40/5400+30:1800+30"]

1. d4 Nf6 2. c4 e6 3. g3 d5 4. Nf3 dxc4 5. Bg2 c5 6. O-O Nc6 7. dxc5 Qxd1 8. Rxd1 Bxc5 9. Nbd2 c3 10. bxc3 O-O 11. Ne1 Rd8 12. Nd3 Be7 {[%emt 0:00:36] The position is equal.} 13. Rb1 Nd5 14. Bb2 Nb6 15. c4 Bd7 16. Ba1 Rab8 17. c5 Nd5 18. Nc4 Be8 {[%emt 0:08:35] [#]} 19. Nd6 $1 Bxd6 20. cxd6 Rxd6 21. Nf4 Rdd8 22. Nxd5 exd5 23. Bxd5 Na5 24. Bc3 {[%emt 0:09:39] A strong pair of Bishops. Black is weak on the dark squares} b6 25. Bxa5 bxa5 26. Rxb8 Rxb8 $16 {[%emt 0:00:02][%mdl 4096] Endgame. KRB-KRB} 27. Rc1 Kf8 28. Rc7 Rd8 29. e4 {[%emt 0:00:45] White has more active pieces.} Rd7 30. Rc8 Rd6 {[%emt 0:11:01] Prevents Bc6.} 31. Ra8 a6 32. f3 Ke7 33. Ra7+ Bd7 34. Kf2 f6 (34... Ke8 $16) 35. Ke3 $18 Rb6 36. a3 g5 (36... Kd6 {keeps fighting.} 37. Bg8 g5) 37. Kd4 h6 38. f4 Kd8 39. e5 gxf4 40. gxf4 fxe5+ 41. fxe5 Be6 42. Be4 {[%emt 0:03:41] Hoping for Kc5.} Bd7 (42... Rb2 $16 {was worth a try.}) 43. Bd3 a4 44. Bc4 {[%emt 0:06:24] And now e6 would win.} (44. Bxa6 Rb2 45. h4 Rh2 $16) 44... Rb2 $2 (44... Bb5) 45. e6 (45. Bxa6 Rxh2 46. Bc4 Rf2 $18) 45... Bb5 {[%emt 0:00:09] [#]} (45... Bc6 $142 46. Ke5 (46. Bxa6 Bb5 $18) (46. Rxa6 Bf3 $18) 46... Bb7) 46. Bd5 $1 Rc2 47. Ke5 {[%emt 0:07:06] Threatening mate with Kd6.} Bc6 48. Bxc6 ({Worse is} 48. Rxa6 Bxd5 49. Kxd5 Rd2+ 50. Ke5 Re2+ 51. Kd5 Rd2+ 52. Ke5 Rxh2 $11) 48... Rxc6 49. Kf6 {[%emt 0:00:04] White wants to mate with Kf7.} Rc8 50. Kf7 {[%emt 0:00:30] Weighted Error Value: White=0.05 (flawless) /Black=0.45.  Mistake:       	---       	Black=5      Inaccurate:     	White=1     	Black=2      OK:         	White=22    	Black=12     Best:        	White=1     	---        Strong:       	White=1     	---} 1-0

[Event "Budapest Chess Festival 2024"]
[Site "Budapest"]
[Date "2024.05.24"]
[Round "2.1"]
[White "Aryan Chopra"]
[Black "Karacsonyi, Gellert"]
[Result "1-0"]
[ECO "C60"]
[WhiteElo "2641"]
[BlackElo "2389"]
[Annotator "TA"]
[PlyCount "75"]
[EventDate "2024.05.20"]
[EventType "swiss"]
[EventCountry "HUN"]
[SourceTitle "playchess.com"]
[Source "ChessBase"]
[SourceQuality "1"]
[TimeControl "40/5400+30:1800+30"]

1. e4 e5 2. Nf3 Nc6 3. Bb5 Nge7 4. Nc3 Ng6 5. h4 h5 6. d4 Nxd4 7. Nxd4 exd4 8. Qxd4 {[%emt 0:00:14] The position is equal.} c6 9. Be2 Qb6 10. Qd3 Be7 11. a3 Qc7 (11... Bf6 $11) 12. g3 $16 Ne5 13. Qd1 g6 14. f4 Ng4 15. Qd4 (15. Bxg4 $16 hxg4 16. Be3 (16. Qxg4 d5 $11)) 15... Rf8 {[%emt 0:05:53] Black is on the road to losing.} (15... Bf6 $11 {keeps the balance.} 16. e5 Bg7) 16. Bxg4 hxg4 17. Be3 {[%emt 0:01:33] White is more active.} d6 (17... Qd6 $16) 18. O-O-O Be6 19. h5 b6 20. h6 O-O-O 21. h7 f6 {[%emt 0:01:56] [#]} 22. f5 $1 gxf5 23. Bh6 Rf7 {[%emt 0:00:29] [#]} 24. Bg7 $1 {[%emt 0:00:10][%mdl 512] Dodges Rxh7} Rxg7 25. h8=Q (25. h8=B $2 {loses.} Rf7 26. Rh5 Qd7 $17) (25. h8=R fxe4 26. Nxe4 (26. Qxe4 Qd7 $11) 26... d5 27. Nxf6 Rf7 28. Rxd8+ (28. Nxg4 Bc5 $17) 28... Qxd8 $11) 25... Rxh8 26. Rxh8+ Kb7 {[%emt 0:00:44] [#]} 27. exf5 $1 Bxf5 {[%emt 0:03:32] [#]} 28. Nb5 $1 $36 {[%emt 0:08:17][%mdl 2560] White has strong initiative.} cxb5 29. Qd5+ Ka6 30. Qxf5 {[%emt 0:00:06] Rc8 would now be deadly.} Rg5 31. Rc8 Qb7 32. Qe6 Re5 33. Qxg4 f5 34. Qg8 Bg5+ 35. Kb1 $1 Qf3 $2 (35... Qd7 36. Rc3 Bd8) 36. Rxd6 $18 {[%emt 0:07:17] Threatening mate with Rc7.} Be7 {[%emt 0:02:53] [#]} 37. Rc7 $1 Re1+ 38. Ka2 {[%emt 0:00:04] Weighted Error Value: White=0.10 (very precise) /Black=0.41.  Mistake:       	White=1     	Black=4      Inaccurate:     	White=1     	Black=1      OK:         	White=13    	Black=13     Best:        	White=4     	Black=2      Strong:       	White=2     	---        Brilliant:      	White=1     	---} 1-0

[Event "Budapest Chess Festival 2024"]
[Site "Budapest"]
[Date "2024.05.24"]
[Round "2.2"]
[White "Neverov, Valeriy"]
[Black "Onyshchuk, Volodymyr"]
[Result "1/2-1/2"]
[ECO "B08"]
[WhiteElo "2389"]
[BlackElo "2619"]
[Annotator "TA"]
[PlyCount "24"]
[EventDate "2024.05.20"]
[EventType "swiss"]
[EventCountry "HUN"]
[SourceTitle "playchess.com"]
[Source "ChessBase"]
[SourceQuality "1"]
[TimeControl "40/5400+30:1800+30"]

1. d4 d6 2. e4 Nf6 3. Nc3 g6 4. Nf3 Bg7 5. Be3 O-O 6. Qd2 Bg4 7. Ng5 Nc6 8. h3 Bd7 9. O-O-O a6 10. f4 {White is more active.} b5 11. e5 (11. d5 $16) 11... b4 $1 $14 12. Nce4 Nd5 {Weighted Error Value: White=0.10 (very precise) /Black=0.12 (very precise) .  Mistake:       	White=1     	---        Inaccurate:     	---       	Black=1      OK:         	White=3     	Black=3      Strong:       	---       	Black=1} 1/2-1/2

[Event "Budapest Chess Festival 2024"]
[Site "Budapest"]
[Date "2024.05.24"]
[Round "2.3"]
[White "Berkes, Ferenc"]
[Black "Hoang, Thanh Trang"]
[Result "1-0"]
[ECO "D31"]
[WhiteElo "2618"]
[BlackElo "2382"]
[Annotator "TA"]
[PlyCount "75"]
[EventDate "2024.05.20"]
[EventType "swiss"]
[EventCountry "HUN"]
[SourceTitle "playchess.com"]
[Source "ChessBase"]
[SourceQuality "1"]
[TimeControl "40/5400+30:1800+30"]

1. d4 d5 2. c4 e6 3. Nc3 a6 4. cxd5 exd5 5. Bf4 Nf6 6. e3 Bd6 7. Bg5 c6 8. Bd3 {White has an edge.} Be6 9. f4 h6 10. Bh4 Qe7 11. Qd2 g5 $1 12. fxg5 Ne4 13. Bxe4 hxg5 $1 14. Bxg5 Qxg5 15. Nf3 Qg7 16. Bd3 Bxh2 17. Nxh2 Rxh2 18. O-O-O (18. Rxh2 $5 Qg3+ $8 19. Qf2 Qxh2 20. O-O-O $11) 18... Rxg2 (18... Rxh1 {simplifies} 19. Rxh1 Nd7 20. Qf2 O-O-O) 19. Ne2 $1 {Qb4 is the strong threat.} Nd7 20. Qa5 {Strongly threatening Nf4.} Bg4 21. Rde1 Bxe2 22. Bxe2 {White now steadily converts the win.} Qg3 23. Rh8+ Nf8 24. Qb4 $1 c5 (24... Qxe3+ $2 25. Kd1 O-O-O 26. Bg4+ (26. Rxf8 Qe4 $18) 26... Rxg4 27. Rxe3 $18) 25. dxc5 {[%cal Oc5c6] And now c6! would win.} Rc8 (25... Qxe3+ $2 26. Kd1 Rg1 27. c6 (27. Qxb7 Rxe1+ 28. Kxe1 Qc1+ 29. Kf2 Qf4+ 30. Kg2 Rb8 $11) (27. Bf1 Rxf1 28. Qa4+ Ke7 $11) 27... Rxe1+ 28. Kxe1 $18) 26. Kd1 {[%cal Oc5c6] c6! would now be deadly.} Qe5 (26... Rg1 $16) 27. Qxb7 $40 {[%mdl 128] White goes for the king.} Rb8 (27... Qc7 {was called for.} 28. Qxc7 (28. Qxa6 Qxc5 29. Qb5+ Ke7 $16) (28. Qxd5 Rd8 $19) (28. Bxa6 Qxb7 29. Bxb7 Rxc5 $11) 28... Rxc7) 28. Qc6+ (28. Qxa6 $2 Qxh8 29. Bb5+ Rxb5 (29... Nd7 30. Bxd7+ Kd8 31. Qd6 $11) 30. Qxb5+ Ke7 $19) 28... Ke7 {[%cal Be8e7,Be7f7,Bf7e6][%mdl 32] [#]} 29. Rh5 $1 f5 {[#]} 30. Rxf5 $3 Qxf5 31. Qd6+ (31. Bxa6 $2 Qc2#) 31... Kf7 {( -> ...Qb1+)} 32. Rf1 Rf2 33. Rxf2 (33. Qxb8 $2 {is the wrong capture.} Qb1+ (33... Rxf1+ $2 34. Bxf1 Qxf1+ 35. Kd2 $19) 34. Kd2 Qxf1 $19) 33... Qxf2 34. Qxb8 Qxe3 35. Qb7+ (35. Bxa6 Qxc5 36. Bb5 Qg1+ 37. Kc2 Qc5+ 38. Kb3 Ne6 $14) 35... Ke6 $2 (35... Kf6 36. Qxd5 (36. Bxa6 Qd4+ 37. Kc2 Qxc5+ 38. Kb3 Qd6 $16) 36... Ne6 37. Bxa6 Nxc5) 36. Qxa6+ {White is clearly winning.} ({Weaker is} 36. Bxa6 Qd4+ 37. Kc2 Qxc5+ 38. Kb3 Qe3+ 39. Ka4 Nd7 $14) 36... Kf7 37. Qb7+ Ke6 38. Qc6+ {Weighted Error Value: White=0.21 (precise) /Black=0.19 (very precise) .  Mistake:       	White=1     	Black=3      Inaccurate:     	White=2     	Black=4      OK:         	White=8     	Black=10     Best:        	White=8     	Black=6      Strong:       	White=3     	Black=2      Brilliant:      	White=1     	---} (38. Qg7 $142 d4 39. Bc4+ (39. Qxf8 Qg1+ 40. Kc2 d3+ 41. Bxd3 Qd4 $18) 39... Kf5 40. Qxf8+ Kg6 41. Qf7+ Kg5 42. c6) 1-0

[Event "Budapest Chess Festival 2024"]
[Site "Budapest"]
[Date "2024.05.24"]
[Round "2.4"]
[White "Jinan, Jomon"]
[Black "Kozak, Adam"]
[Result "0-1"]
[ECO "A17"]
[WhiteElo "2380"]
[BlackElo "2607"]
[Annotator "TA"]
[PlyCount "120"]
[EventDate "2024.05.20"]
[EventType "swiss"]
[EventCountry "HUN"]
[SourceTitle "playchess.com"]
[Source "ChessBase"]
[SourceQuality "1"]
[TimeControl "40/5400+30:1800+30"]

1. c4 Nf6 2. Nf3 e6 3. Nc3 b6 4. a3 c5 5. e3 g6 6. d4 Bg7 7. d5 exd5 8. cxd5 O-O 9. Be2 Re8 10. Nd2 d6 11. O-O Na6 12. e4 Nc7 13. Bd3 Rb8 14. Nb5 Nxb5 15. Bxb5 Bd7 16. Bd3 b5 17. Re1 Ng4 18. Nf3 c4 19. Bc2 Qb6 20. Rf1 Nf6 21. Re1 Bg4 22. Be3 Qc7 23. Bd4 a6 24. h3 Bxf3 25. Qxf3 Nd7 26. Bxg7 Kxg7 27. Qc3+ Kg8 28. b4 Qd8 29. a4 Qe7 30. axb5 axb5 31. Ra7 Qf6 32. Qxf6 Nxf6 33. Kf1 (33. Raa1 $1 $11 {was the only way to keep the balance.}) 33... Ra8 $17 34. Rxa8 Rxa8 35. Ke2 g5 36. Kd2 Nd7 37. Kc3 Ra2 38. Re2 (38. h4 $17 h6 (38... gxh4 39. Rh1 $17) 39. Rh1) 38... Ne5 $19 39. Bd1 {[%emt 0:00:32] [#]} (39. Rd2 $142) 39... Ra1 $1 $19 (39... Ra3+ 40. Kb2 Ra7 (40... Rd3 41. Bc2 $14) 41. Bc2 $17) 40. Bc2 {[%emt 0:00:00] [#]} Nd3 $2 (40... Kg7 $1 $19 {[%mdl 512] Strongly threatening ...Rf1.} 41. Rd2 Rg1) 41. Bxd3 $11 Ra3+ 42. Kb2 $1 Rxd3 43. e5 $1 dxe5 (43... Rxd5 44. exd6 Kg7 (44... Rxd6 45. Re5 $11) 45. Re7 $11) 44. Rxe5 f6 45. Rf5 Kf7 46. Kc2 Rb3 47. d6 $2 (47. h4 $15) 47... Rxb4 $19 48. d7 Ke7 49. Rxf6 Kxd7 $1 50. Rf7+ Kc6 51. Rxh7 $2 (51. Rf6+ Kb7 52. h4) 51... Ra4 $19 52. Rg7 Ra2+ 53. Kc3 Ra3+ ({And not} 53... Rxf2 54. Rg6+ Kd7 55. Rxg5 $11) 54. Kc2 b4 55. Rxg5 Ra2+ 56. Kb1 Rxf2 57. h4 c3 58. Rg8 Kb5 (58... Kc5 $142 59. Rc8+ Kd4 60. Rd8+ Kc4 61. Kc1 Rf1+ (61... Rxg2 $2 62. h5 $19) 62. Rd1 Rxd1+ 63. Kxd1 Kb3 64. g4 c2+ (64... Kb2 {gets mated.} 65. g5 c2+ 66. Ke1 Kc3 67. g6 c1=Q+ 68. Kf2 Qf4+ 69. Kg2 b3 70. g7 Qg4+ 71. Kh2 b2 72. g8=Q Qxg8 73. Kh3 b1=Q 74. Kh2 Qgg1+ 75. Kh3 Qf5#) 65. Kd2 Kb2 66. g5 c1=Q+ (66... c1=R 67. h5 Rg1 68. g6 b3 69. h6 Rxg6 70. h7 Rh6 71. Kd3 Rxh7 72. Kd4 Kc2 73. Kc5 b2 74. Kd4 b1=Q 75. Ke4 Qb5 76. Kf4 Rh4+ 77. Kg3 Qg5+ 78. Kf3 Rf4+ 79. Ke3 Qe5#) 67. Kd3 b3 68. g6 Ka3 69. g7 b2 70. Kd4 b1=Q (70... b1=R {is a self mate.} 71. g8=Q Qf4+ 72. Kc5 Qe5+ 73. Kc6 Rc1+ 74. Kb7 Rc7+ 75. Kb8 Rd7+ 76. Ka8 Qe4+ 77. Kb8 Qb7#) (70... Qg1+ 71. Kd5 Qxg7 72. Ke4 b1=Q+ 73. Ke3 Qe1+ 74. Kf4 Qf6+ 75. Kg4 Qexh4#) 71. g8=Q Qb4+ 72. Kd5 Qcc4+ (72... Qxh4 73. Qa8+ Kb3 74. Qb7+ Qb4 75. Qxb4+ Kxb4 76. Ke4 Qg5 77. Kf3 Kc4 78. Ke4 Kc3 79. Kf3 Kd3 80. Kf2 Qg4 81. Kf1 Ke3 82. Ke1 Qg1#) 73. Ke5 Qe7+ 74. Kf5 Qce4#) 59. h5 Kc4 60. Rg3 Rf1+ 0-1